Map: Nightshade LE

Players

oval

  • Race: Protoss Protoss
  • Spawn Location: 11:00

spacèrat - Winner!

  • Race: Terran Terran
  • League: Platinum
  • Spawn Location: 5:00

VOD

Have the link to the VOD?

Description

Time

  • Played on: March 28, 2020, 12:09 p.m.
  • Length: 12:08
Show
View Real Time Build Order
Export as new Build Order

oval Protoss 

Build Orders:  

Get SALT Encoding   

  12  0:02  Probe  
  13  0:14  Probe  
  14  0:22  Pylon  
  14  0:28  Assimilator  
  14  0:41  Probe  
  15  0:48  Gateway  
  15  0:53  Probe  
  15  0:54  Pylon  
  16  1:05  Probe  
  17  1:12  Forge  
  17  1:18  Probe  
  18  1:30  Probe  
  19  1:33  Assimilator  
  19  1:35  Zealot (Chrono Boost)  
  21  1:54  Zealot (Chrono Boost)  
  23  2:14  Probe  
  24  2:20  Zealot  
  26  2:26  Probe  
  27  2:30  Cybernetics Core  
  27  2:36  Pylon  
  27  2:47  Zealot  
  28  3:14  Zealot (Chrono Boost)  
  28  3:16  Gateway  
  29  3:33  Photon Cannon  
  29  3:36  Probe  
  29  3:39  Zealot (Chrono Boost)  
  32  3:48  Probe  
  33  3:58  Stalker  
  35  4:03  Sentry  
  37  4:28  Stalker  
  39  4:39  Pylon  
  39  4:55  Nexus  
  39  4:57  Stalker  
  39  4:58  Zealot  
  43  5:03  Probe  
  44  5:09  Protoss Shields Level 1  
  44  5:23  Photon Cannon  
  44  5:26  Zealot  
  44  5:28  Shield Battery  
  46  5:32  Probe  
  47  5:39  Assimilator  
  47  5:45  Pylon  
  47  5:56  Pylon  
  47  6:00  Pylon  
  47  6:03  Sentry  
  49  6:08  Probe  
  50  6:20  Probe  
  51  6:29  Twilight Council, Stalker  
  51  6:32  Probe  
  54  6:34  Protoss Air Armor Level 1  
  54  6:44  Probe  
  55  6:54  Zealot  
  55  6:56  Probe  
  55  7:00  Sentry  
  60  7:08  Probe  
  61  7:19  Charge  
  61  7:20  Probe  
  61  7:21  Zealot  
  64  7:26  Stalker  
  66  7:32  Probe  
  67  7:46  Probe  
  67  7:49  Sentry  
  70  7:56  Stalker  
  72  7:59  Probe  
  72  8:03  Protoss Ground Armor Level 1  
  73  8:10  Robotics Facility  
  73  8:11  Probe  
  74  8:15  Stalker, Dark Shrine  
  74  8:19  Photon Cannon  
  76  8:22  Photon Cannon  
  76  8:25  Stalker  
  78  8:33  Probe, Photon Cannon  
  79  8:39  Assimilator  
  79  8:43  Protoss Air Weapons Level 1  
  79  8:45  Probe  
  79  8:48  Photon Cannon  
  80  8:56  Stargate  
  80  8:57  Probe  
  80  8:59  Blink  
  81  9:09  Probe  
  82  9:15  Robotics Bay  
  82  9:19  Immortal  
  86  9:32  Photon Cannon  
  86  9:45  Templar Archives  
  86  9:48  Pylon  
  86  9:50  Pylon  
  86  9:52  Pylon  
  86  9:53  Pylon  
  86  9:55  Pylon  
  86  9:57  Pylon  
  86  10:05  Pylon  
  86  10:10  Photon Cannon  
  86  10:26  Shadow Stride  
  86  10:39  Observer  
  87  10:47  Dark Templar  
  89  10:50  Dark Templar  
  91  11:00  Observer  
  44  11:13  Nexus  
  44  11:17  Gateway  
  44  11:20  Pylon  
  44  11:54  Gateway  
Show
View Real Time Build Order
Export as new Build Order

spacèrat Terran - Winner!

Build Orders: Reaper Expand 

Get SALT Encoding   

  12  0:00  SCV  
  13  0:13  SCV  
  14  0:19  Supply Depot  
  14  0:26  SCV  
  15  0:40  SCV  
  15  0:42  Barracks  
  16  0:48  Refinery  
  16  0:52  SCV  
  17  1:04  SCV  
  18  1:16  SCV  
  19  1:30  Orbital Command  
  19  1:31  Reaper  
  20  1:49  Command Center  
  20  1:58  SCV  
  20  1:59  Supply Depot  
  20  2:05  Marine  
  21  2:15  Factory  
  21  2:20  SCV  
  22  2:23  Refinery  
  22  2:26  Barracks Reactor  
  22  2:32  SCV  
  23  2:44  SCV  
  24  2:58  SCV  
  25  3:03  Marine x2  
  27  3:06  Starport, Factory Tech Lab  
  27  3:08  Orbital Command  
  27  3:19  SCV  
  28  3:23  Supply Depot  
  28  3:24  Marine x2  
  30  3:34  SCV x2  
  30  3:37  Siege Tank  
  35  3:42  Marine  
  35  3:46  SCV  
  35  3:48  Medivac  
  39  3:53  SCV, Supply Depot  
  39  3:57  Bunker  
  39  3:58  SCV  
  39  4:00  Marine x2  
  42  4:06  SCV  
  43  4:10  SCV  
  43  4:16  Siege Tank  
  47  4:18  SCV  
  47  4:22  Marine x2  
  47  4:23  SCV  
  51  4:24  Starport Reactor  
  51  4:32  SCV  
  51  4:33  Barracks x2  
  51  4:35  Supply Depot  
  51  4:38  SCV  
  53  4:40  Marine x2  
  55  4:48  Siege Tank  
  55  4:49  SCV  
  55  4:50  SCV  
  60  4:58  Marine x2  
  60  4:59  Supply Depot  
  62  5:01  SCV  
  62  5:02  SCV  
  64  5:12  Supply Depot  
  64  5:13  Starport Reactor, SCV  
  66  5:14  SCV  
  66  5:20  Marine x2  
  68  5:25  SCV  
  68  5:26  SCV  
  70  5:33  Command Center  
  70  5:34  Factory Tech Lab  
  70  5:35  Engineering Bay  
  70  5:37  SCV  
  70  5:38  Marine, Stimpack, Engineering Bay  
  70  5:40  Marine x2  
  74  5:46  SCV  
  74  5:49  SCV  
  76  5:50  Supply Depot  
  76  5:51  Supply Depot  
  76  5:53  Medivac x2  
  76  5:56  Marine x2  
  82  5:58  Marine x2  
  84  6:07  SCV x2  
  84  6:08  Refinery  
  84  6:09  Refinery  
  86  6:12  Supply Depot  
  86  6:16  Marine  
  87  6:19  SCV  
  87  6:23  Marine x2  
  91  6:26  Marauder  
  92  6:34  Cyclone  
  95  6:45  Missile Turret  
  95  6:46  Missile Turret  
  95  6:47  Orbital Command  
  95  6:50  Missile Turret  
  95  6:51  Terran Infantry Weapons Level 1  
  95  6:52  SCV x2  
  97  6:57  Terran Infantry Armor Level 1  
  97  6:58  Supply Depot  
  97  7:00  Marine x2  
  97  7:01  Marine x3  
  101  7:07  Barracks  
  101  7:08  Orbital Command  
  102  7:10  Barracks  
  102  7:11  Supply Depot  
  102  7:16  Factory Tech Lab  
  102  7:18  Combat Shield, Marine x2  
  102  7:19  Marine x2  
  102  7:20  Medivac x2  
  110  7:32  SCV  
  110  7:35  SCV x2  
  113  7:44  Marine x2, SCV  
  113  7:45  Marine x2  
  113  7:46  Marauder  
  113  7:47  SCV  
  121  7:51  Supply Depot  
  121  7:52  Medivac x2  
  121  7:54  SCV  
  121  7:55  Factory Reactor  
  121  7:56  SCV  
  127  8:01  Armory  
  127  8:07  Missile Turret  
  127  8:08  SCV x3  
  127  8:12  Refinery  
  130  8:13  Refinery  
  130  8:14  Sensor Tower  
  130  8:17  Missile Turret  
  130  8:20  SCV  
  130  8:22  Marine x2  
  130  8:23  Marine x2, Marauder  
  130  8:26  Marauder  
  139  8:33  SCV x2  
  139  8:34  SCV  
  142  8:36  Concussive Shells  
  142  8:38  Marauder  
  144  8:45  SCV, Barracks  
  145  8:51  Marine x3  
  145  8:52  Barracks  
  145  8:55  Barracks  
  148  8:59  Marauder x2  
  148  9:00  SCV x2  
  148  9:01  Supply Depot  
  148  9:02  Supply Depot  
  154  9:08  Marauder  
  156  9:10  Widow Mine x2  
  156  9:14  Viking x2  
  164  9:17  SCV  
  164  9:21  Supply Depot  
  164  9:23  SCV x2  
  167  9:29  Terran Infantry Armor Level 2, Terran Infantry Weapons Level 2  
  167  9:32  Terran Vehicle And Ship Armor Level 1  
  167  9:33  Marine x2  
  167  9:37  Barracks Tech Lab  
  169  9:40  SCV  
  170  9:52  Marine x5  
  175  9:53  Marauder x3  
  175  9:55  Marine  
  175  9:58  Marauder  
  184  10:04  Supply Depot  
  184  10:05  Supply Depot  
  184  10:14  Marauder, Command Center  
  184  10:15  Marine, Marauder  
  184  10:21  Marauder, Missile Turret  
  191  10:36  Marine x5  
  191  10:42  Marauder x2  
  200  10:46  Factory  
  200  10:50  Starport  
  200  10:53  Command Center  
  192  11:07  Marine x4  
  192  11:08  Marine  
  195  11:19  Marine x4  
  195  11:24  Barracks  
  195  11:25  Barracks  
  198  11:27  Barracks  
  191  11:37  Marine x6  
  191  11:38  Marauder x2  
Tags
 
Add a new tag
Caveats
  • Supply blocks, unpowered buildings, or Contaminate may cause inaccurate times.
  • Supply counts are checked every 10 seconds.